 Dungeon Crawl Stone Soup version 0.23-a0-644-gb60d84b635 (webtiles) character file.

29396 Napalmbreeze the Demolition Dwarf (level 13, -13/124 HPs)
             Began as a Deep Dwarf Monk on Jan 2, 2019.
             Was an Elder of Makhleb.
             Killed from afar by a lindwurm (43 damage)
             ... with a blast of flame
             ... on level 6 of the Lair of Beasts.
             The game lasted 00:32:54 (13487 turns).

Napalmbreeze the Demolition Dwarf (DDMo)           Turns: 13487, Time: 00:32:55

Health: -13/124    AC: 20    Str: 24    XL:     13   Next: 14%
Magic:  12/12      EV: 10    Int: 11    God:    Makhleb [****..]
Gold:   771        SH: 13    Dex: 15    Spells: 12/12 levels left

rFire    . . .     SeeInvis .   S - +2 war axe (chop)
rCold    . . .     Gourm    .   o - +0 shield
rNeg     . . .     Faith    .   H - +0 plate armour
rPois    .         Spirit   .   (no helmet)
rElec    .         Reflect  .   C - scarf {repulsion}
rCorr    .         Harm     .   l - +2 pair of gloves
MR       +....                  G - +2 pair of boots {run}
Stlth    ..........             (no amulet)
HPRegen  0.00/turn              J - +4 ring of strength
MPRegen  0.13/turn              a - +1 ring of evasion

@: non-regenerating, repel missiles, quick
A: damage resistance, heal wounds, sense surroundings 2, no regeneration
a: Heal Wounds, Minor Destruction, Lesser Servant of Makhleb, Major Destruction,
Renounce Religion


You were on level 6 of the Lair of Beasts.
You worshipped Makhleb.
Makhleb was greatly pleased with you.
You were not hungry.

You visited 3 branches of the dungeon, and saw 17 of its levels.
You also visited: Sewer.

You collected 1101 gold pieces.
You spent 330 gold pieces at shops.

Inventory:

Hand Weapons
 m - a +3 trident
 S - a +2 war axe of chopping (weapon)
Armour
 l - a +2 pair of gloves (worn)
 o - a +0 shield (worn)
 C - a scarf of repulsion (worn)
 D - a +2 large shield
 G - a +2 pair of boots of running (worn)
 H - a +0 plate armour (worn)
Jewellery
 a - a +1 ring of evasion (right hand)
 e - an uncursed ring of protection from magic
 J - a +4 ring of strength (left hand)
 N - an uncursed ring of protection from cold
Wands
 u - a wand of disintegration (4)
 v - a wand of flame (5)
 O - a wand of clouds (1)
 P - a wand of acid (7)
Scrolls
 d - 4 scrolls of enchant weapon
 g - a scroll of remove curse
 h - 2 scrolls of enchant armour
 j - 5 scrolls of amnesia
 p - a scroll of fear
 s - 6 scrolls of teleportation
 x - 4 scrolls of immolation
 y - 2 scrolls of vulnerability {unknown}
 B - 5 scrolls of magic mapping
 E - a scroll of blinking {unknown}
 F - a scroll of torment {unknown}
 I - 5 scrolls of fog
 R - a scroll of brand weapon {unknown}
Potions
 f - a potion of magic {unknown}
 i - 3 potions of might
 k - 2 potions of lignification {unknown}
 n - 3 potions of resistance {unknown}
 q - 5 potions of curing
 r - 2 potions of mutation {unknown}
 t - 4 potions of brilliance {unknown}
 w - 2 potions of haste {unknown}
 z - a potion of flight {unknown}
 A - 3 potions of cancellation {unknown}
 L - 5 potions of heal wounds
 M - 3 potions of ambrosia {unknown}
 Q - 2 potions of invisibility
Miscellaneous
 K - a box of beasts
Comestibles
 b - 18 chunks of flesh
 c - 30 rations


   Skills:
 + Level 10.3 Fighting
 - Level 12.0 Axes
 - Level 8.0 Armour
 - Level 6.0 Dodging
 - Level 2.4 Stealth
 + Level 11.5 Shields
 + Level 12.4 Invocations


You had 12 spell levels left.
You didn't know any spells.
Your spell library contained the following spells:

 Spells                   Type           Power        Failure   Level  Hunger
 Confusing Touch          Hex            #.....       100%        1    ##.....
 Corona                   Hex            #......      100%        1    ##.....
 Corpse Rot               Necr           N/A          100%        2    ###....
 Ensorcelled Hibernation  Hex/Ice        #.....       100%        2    ###....
 Slow                     Hex            #.......     100%        2    ###....
 Sublimation of Blood     Necr           #.........   100%        2    ###....
 Confuse                  Hex            #.......     100%        3    ####...
 Dazzling Spray           Conj/Hex       #.....       100%        3    ####...
 Gell's Gravitas          Tloc           #.........   100%        3    ####...
 Inner Flame              Hex/Fire       #.......     100%        3    ####...
 Portal Projectile        Hex/Tloc       #.....       100%        3    ####...
 Tukima's Dance           Hex            #.......     100%        3    ####...
 Cause Fear               Hex            #.........   100%        4    #####..
 Leda's Liquefaction      Hex/Erth       #.........   100%        4    #####..
 Petrify                  Tmut/Erth      #.......     100%        4    #####..
 Agony                    Necr           #.......     100%        5    ######.
 Bolt of Draining         Conj/Necr      #.........   100%        5    ######.
 Bolt of Magma            Conj/Fire/Erth #.........   100%        5    ######.
 Dispel Undead            Necr           #.......     100%        5    ######.
 Excruciating Wounds      Chrm/Necr      #.........   100%        5    ######.
 Iskenderun's Battlesphe  Conj/Chrm      #.......     100%        5    ######.
 Metabolic Englaciation   Hex/Ice        #.........   100%        5    ######.
 Venom Bolt               Conj/Pois      #.........   100%        5    ######.
 Yara's Violent Unravell  Hex/Tmut       #.........   100%        5    ######.
 Iron Shot                Conj/Erth      #.........   100%        6    #######
 Orb of Destruction       Conj           #.........   100%        7    #######
 Spellforged Servitor     Conj/Summ      #.........   100%        7    #######


Dungeon Overview and Level Annotations

Branches:
Dungeon (10/15)            Temple (1/1) D:6            Lair (6/6) D:10
  Snake (0/4) Lair:3        Slime (0/5) Lair:5
  Swamp: Lair:2-4    Shoals: Lair:2-4       Orc: D:9-12

Altars:
Ashenzari
Cheibriados
Dithmenos
Elyvilon
Fedhas
Gozag
Hepliaklqana
Kikubaaqudgha
Makhleb
Nemelex Xobeh
Okawaru
Qazlal
Sif Muna
Uskayaw
Vehumet
Wu Jian
Xom
Yredelemnul
Zin
The Shining One

Shops:
D:4 }   D:6 [   D:8 !   D:10 =

Annotations:
Lair:6 3 exclusions


Innate Abilities, Weirdness & Mutations

You are resistant to damage.
You can heal yourself by infusing magical energy.
You passively map the area around you.
You do not regenerate.


Message History

Makhleb accepts your kill.
Unknown command.
A demon appears!
The lindwurm bites you but does no damage.
The lindwurm claws you but does no damage.
You block the lindwurm's attack.
Unknown command.
You barely miss the lindwurm. The lindwurm bites you!
* * * LOW HITPOINT WARNING * * *
You block the lindwurm's attack. The lindwurm completely misses you.
Unknown command.
Wield which item (- for none, * to show all)? (? for menu, Esc to quit)
S - a +2 war axe of chopping (weapon)
You block the lindwurm's attack. The lindwurm completely misses you.
You block the lindwurm's attack.
Unknown command.
You hit the lindwurm but do no damage.
The basilisk bites something.
The lindwurm breathes flames at you. The blast of flame hits you!
You die...

* # *####### *
#.##.##..############ ###
...#...##.P#..P#.#.##.####P.
..........lk3................
,
......##.#P#@.#...#.P##.#....
,
#..####.######....#.###.##...
.. * #.## ,#......#...###..
*. , #. , ,#............... *
, .. ................. ,* ,


D#t .......#.P...###.. , , ..#. ,,...P.....###.###.. ,* ..*##* , ,* * *##... **
D.. , , * , , *#.P.. You could see a lindwurm, a basilisk and a friendly smoke
demon.

Vanquished Creatures
  4 hydras
  Harold (Lair:2)
  A catoblepas (Lair:6)
  A two-headed ogre (D:10)
  An unseen horror (D:10)
  Joseph (D:9)
  3 black mambas
  7 elephants
  2 komodo dragons
  A kobold demonologist (D:8)
  8 spiny frogs
  2 rime drakes
  A troll (D:10)
  3 bog bodies (Lair:2)
  A polar bear (Lair:3)
  2 hippogriffs
  13 blink frogs
  A vampire (D:10)
  19 yaks
  Eustachio (D:6)
  A swamp worm (Lair:2)
  10 water moccasins
  4 porcupines
  7 orc warriors
  A black bear (Lair:3)
  3 ice beasts
  3 phantoms
  2 sky beasts
  6 ogres
  3 centaurs
  5 wolves (Lair:3)
  7 crocodiles
  14 big kobolds (D:8)
  7 bullfrogs
  Blork the orc (D:6)
  4 scorpions
  6 killer bees
  4 wights (D:6)
  A howler monkey (D:6)
  4 crimson imps
  2 bullfrog zombies (D:9)
  3 hounds
  4 jellies
  3 orc wizards
  A quasit (D:10)
  2 bullfrog skeletons (D:6)
  A gnoll shaman (D:4)
  7 orc priests
  A centaur skeleton (D:5)
  5 worker ants
  A hound zombie (D:6)
  A hound skeleton (D:4)
  A mummy (D:7)
  A worker ant zombie (D:8)
  8 gnolls
  11 adders
  2 river rats (D:6)
  A shadow imp (D:9)
  An ooze (Lair:5)
  An adder zombie (D:7)
  2 adder skeletons
  4 worms
  3 dart slugs (D:1)
  8 leopard geckos
  30 orcs
  3 giant cockroaches
  8 goblins
  5 hobgoblins
  6 jackals
  3 quokkas
  5 bats
  6 frilled lizards
  2 hobgoblin zombies (D:7)
  21 kobolds
  2 orc zombies (D:7)
  A quokka skeleton (D:5)
  9 rats
  3 fungi
344 creatures vanquished.

Vanquished Creatures (collateral kills)
  2 catoblepae (Lair:6)
  A black mamba (Lair:6)
  2 spiny frogs (Lair:6)
  A komodo dragon (Lair:6)
  A troll (D:10)
  A blink frog (Lair:6)
  A spriggan (Lair:3)
  6 yaks
  A water moccasin (Lair:3)
  A black bear (D:10)
  An orc warrior (D:10)
  A necrophage (D:10)
  A wolf (Lair:3)
  A crocodile (Lair:5)
  A bullfrog (Lair:5)
  A scorpion (D:10)
  An orc wizard (D:10)
  An ooze (Lair:5)
  4 orcs (D:10)
  A jackal (D:10)
  A plant (D:10)
31 creatures vanquished.

Vanquished Creatures (others)
  A hydra (Lair:5)
  A rat (D:2)
  2 fungi (Lair:6)
  3 plants
7 creatures vanquished.

Grand Total: 382 creatures vanquished

Notes
Turn   | Place    | Note
-------+----------+-------------------------------------------
     0 | D:1      | Napalmbreeze the Deep Dwarf Monk began the quest for the
                  | Orb.
     0 | D:1      | Reached XP level 1. HP: 20/20 MP: 1/1
   176 | D:1      | Reached XP level 2. HP: 21/27 MP: 2/2
   850 | D:2      | Reached XP level 3. HP: 20/33 MP: 3/3
   887 | D:2      | Found a radiant altar of Vehumet.
  1085 | D:2      | Reached skill level 1 in Shields
  1151 | D:2      | Reached skill level 1 in Armour
  1205 | D:2      | Found a glowing silver altar of Zin.
  1205 | D:2      | Found a shimmering altar of Xom.
  1206 | D:2      | Noticed an angel
  1213 | D:2      | Reached XP level 4. HP: 24/42 MP: 4/4
  1834 | D:3      | Noticed a centaur
  1918 | D:3      | Reached XP level 5. HP: 20/49 MP: 4/4
  2678 | D:4      | Found an iron altar of Okawaru.
  2687 | D:4      | Noticed an ogre
  2743 | D:4      | Noticed an ogre
  2761 | D:4      | Killed an ogre
  2761 | D:4      | Reached skill level 5 in Axes
  2766 | D:4      | Reached XP level 6. HP: 21/56 MP: 3/3
  2812 | D:4      | Found Xeruuze's Gadget Boutique.
  2993 | D:4      | Found an ancient bone altar of Kikubaaqudgha.
  3189 | D:5      | Entered Level 5 of the Dungeon
  3242 | D:5      | Reached XP level 7. HP: 30/63 MP: 4/4
  3617 | D:5      | Reached skill level 5 in Dodging
  4029 | D:6      | Reached XP level 8. HP: 34/73 MP: 5/5
  4063 | D:6      | Found a staircase to the Ecumenical Temple.
  4086 | D:6      | Noticed Eustachio
  4159 | D:6      | Killed Eustachio
  4240 | D:6      | Found a glowing drain.
  4244 | Sewer    | Entered a sewer
  4532 | Temple   | Entered the Ecumenical Temple
  4538 | Temple   | Became a worshipper of Makhleb the Destroyer
  4538 | Temple   | Reached * piety under Makhleb
  4538 | Temple   | Reached ** piety under Makhleb
  4710 | D:6      | Reached skill level 1 in Invocations
  4722 | D:6      | Reached skill level 5 in Fighting
  4758 | D:6      | Found Tipt's Antique Armour Boutique.
  4766 | D:6      | Bought a pair of runed boots for 195 gold pieces
  4771 | D:6      | Identified a +1 pair of boots of running (You bought it in
                  | a shop on level 6 of the Dungeon)
  4799 | D:6      | HP: 1/74 [acid (9)]
  4830 | D:6      | Found a snail-covered altar of Cheibriados.
  5192 | D:6      | Gained mutation: You passively map the area around you.
                  | [Deep Dwarf growth]
  5192 | D:6      | Reached XP level 9. HP: 60/81 MP: 5/5
  5401 | D:6      | Noticed Blork the orc
  5409 | D:6      | Killed Blork the orc
  5409 | D:6      | Reached skill level 5 in Shields
  5437 | D:6      | Reached skill level 5 in Armour
  5700 | D:7      | HP: 1/81 [orc warrior/+0 battleaxe (10)]
  5998 | D:8      | Found Sulese's Distillery.
  6046 | D:8      | Bought a potion of heal wounds for 75 gold pieces
  6046 | D:8      | Bought a potion of might for 60 gold pieces
  6186 | D:8      | Found an opulent altar of Gozag.
  6187 | D:8      | Found a sparkling altar of Nemelex Xobeh.
  6429 | D:8      | Noticed a kobold demonologist
  6454 | D:8      | Reached *** piety under Makhleb
  6462 | D:8      | Noticed an ice devil
  6480 | D:8      | Noticed a soul eater
  6492 | D:8      | Reached XP level 10. HP: 38/91 MP: 7/7
  6504 | D:8      | Reached skill level 10 in Axes
  6637 | D:9      | Reached skill level 5 in Invocations
  7065 | D:9      | Noticed Joseph
  7090 | D:9      | Killed Joseph
  7224 | D:10     | Entered Level 10 of the Dungeon
  7335 | D:10     | HP: 3/92 [something/vampiric draining (12)]
  7561 | D:10     | Found Gazximag's Jewellery Shop.
  7905 | D:10     | Reached **** piety under Makhleb
  8032 | D:10     | Noticed a two-headed ogre
  8046 | D:10     | Killed a two-headed ogre
  8046 | D:10     | Reached XP level 11. HP: 49/100 MP: 7/9
  8346 | D:10     | Killed an unseen horror
  8456 | D:10     | Found a staircase to the Lair.
  8659 | Lair:1   | Entered Level 1 of the Lair of Beasts
  8828 | Lair:1   | Found an ornate altar of the Wu Jian Council.
  9681 | Lair:2   | Noticed a six-headed hydra
  9693 | Lair:2   | Killed a six-headed hydra
  9765 | Lair:2   | Noticed Harold
  9797 | Lair:2   | Killed Harold
 10036 | Lair:2   | You fall through a shaft!
 10036 | Lair:3   | Found a staircase to the Snake Pit.
 10084 | Lair:3   | Noticed a seven-headed hydra
 10097 | Lair:3   | Killed a seven-headed hydra
 10142 | Lair:3   | Reached XP level 12. HP: 89/112 MP: 8/10
 11172 | Lair:4   | Reached skill level 10 in Invocations
 11379 | Lair:4   | Reached skill level 10 in Shields
 11944 | Lair:4   | Noticed a four-headed hydra
 11953 | Lair:4   | Killed a four-headed hydra
 12083 | Lair:5   | Killed a seven-headed hydra
 12229 | Lair:5   | Found a staircase to the Slime Pits.
 12938 | Lair:6   | Entered Level 6 of the Lair of Beasts
 12947 | Lair:6   | Noticed a catoblepas
 13088 | Lair:6   | Reached skill level 10 in Fighting
 13090 | Lair:6   | Noticed a catoblepas
 13105 | Lair:6   | Killed a catoblepas
 13147 | Lair:6   | Reached XP level 13. HP: 62/123 MP: 13/13
 13487 | Lair:6   | Killed from afar by a lindwurm

Vault maps used:
D:1:      lightli_arrival_flooded_house
D:2:      grunt_temple_overflow_order_and_chaos_1, vehumet_crystals
D:3:      first_ration, minmay_misc_feat_enclosed, lightli_corner_chamber
D:4:      kiku_gazebo_garden_becter, serial_shops, shop,
          okawaru_ov_weapons_minmay
D:5:      serial_glass, glass_columns_b, glass_columns_c
D:6:      minmay_razor_zed, minmay_temple_entry_glassed_door, serial_shops,
          kennysheep_little_box, gup_sewer_entry_spiral, cheibriados_altar_1,
          uniq_blork_the_orc, uniq_eustachio
D:7:      minmay_mini_ossuary
D:8:      grunt_temple_overflow_opulence, serial_shops, shop_coins, special_room
D:9:      uniq_joseph
D:10:     david_lair_shrubbed, serial_shops, shop, grunt_pizzeria
Temple:   nicolae_temple_x_marks_the_god
Lair:1:   basic_altar, st_stairs_5, serial_bayou_crossing
Lair:2:   nicolae_swamp_entry_splash_gauntlet, uniq_harold
Lair:3:   dummy_snake_entry, grunt_forest_stairs_clearing
Lair:4:   cheibrodos_lair_river_kwai
Lair:5:   nicolae_slime_entry_slimehenge
Lair:6:   evilmike_catoblepas_cave, kennysheep_snail_temple, lemuel_fruit_tree
Sewer:    sewer_the_crocodile

Skill      XL: |  1  2  3  4  5  6  7  8  9 10 11 12 |
---------------+-------------------------------------+-----
Axes           | 4 5 6 8 9 11 12 | 12.0
Fighting       | 3 4 5 6 7 8 10 | 10.3
Shields        | 1 2 3 4 6 7 9 11 | 11.5
Armour         | 1 2 3 4 6 7 8 |  8.0
Dodging        | 4 5 6 |  6.0
Invocations    | 1 4 6 9 12 | 12.4
Stealth        | |  2.4

Action                   |  1- 3 |  4- 6 |  7- 9 | 10-12 | 13-15 || total
-------------------------+-------+-------+-------+-------+-------++-------
Melee: Hand axe          |   113 |   244 |   472 |   408 |       ||  1237
       Battleaxe         |       |       |   123 |       |       ||   123
       War axe           |       |       |       |   397 |    40 ||   437
       Trident           |       |       |       |    13 |     9 ||    22
Invok: Lesser Servant of |       |       |       |    16 |     4 ||    20
       Minor Destruction |       |       |       |     5 |       ||     5
       Major Destruction |       |       |       |     2 |       ||     2
 Abil: Heal Wounds       |     1 |     9 |    14 |     8 |     6 ||    38
Evoke: Wand              |       |       |     4 |     9 |       ||    13
  Use: Scroll            |       |       |    10 |    10 |       ||    20
       Potion            |       |       |       |     2 |       ||     2
 Stab: Sleeping          |     3 |       |       |       |       ||     3
       Confused          |       |       |     3 |       |       ||     3
       Distracted        |       |       |       |     5 |       ||     5
       Petrified         |       |       |       |     3 |       ||     3
       Petrifying        |       |       |       |     1 |       ||     1
  Eat: Chunk             |     1 |     7 |     9 |    14 |       ||    31
       Ration            |       |       |     1 |     2 |       ||     3
Armor: Robe              |     7 |       |       |       |       ||     7
       Scale mail        |    36 |    96 |   214 |    97 |       ||   443
       Plate armour      |       |       |       |   230 |    21 ||   251
Dodge: Dodged            |    58 |   172 |   267 |   249 |    17 ||   763
       Deflected         |       |     1 |     2 |     5 |       ||     8
Block: Shield            |     5 |       |   166 |   409 |    29 ||   609
       Large shield      |       |       |       |     1 |       ||     1

Table legend:
 A = Non-vault XP
 B = Vault XP
 C = Vault XP percentage of total XP
 D = Non-vault monster count
 E = Vault monster count
 F = Vault count percentage of total count
                 A         B        C        D         E       F
            +---------+---------+-------+---------+---------+-------
      Total |   32537 |    9458 |  22.5 |     294 |      77 |  20.8
            +---------+---------+-------+---------+---------+-------
        D:1 |      29 |       0 |   0.0 |      13 |       0 |   0.0
        D:2 |     128 |       0 |   0.0 |      30 |       0 |   0.0
        D:3 |      89 |       0 |   0.0 |      24 |       0 |   0.0
        D:4 |     376 |       0 |   0.0 |      18 |       0 |   0.0
        D:5 |     493 |       0 |   0.0 |      11 |       0 |   0.0
        D:6 |    1188 |     680 |  36.4 |      22 |      17 |  43.6
        D:7 |     654 |      22 |   3.3 |      11 |       5 |  31.2
        D:8 |     778 |    1742 |  69.1 |      13 |      24 |  64.9
        D:9 |     536 |     329 |  38.0 |      14 |       1 |   6.7
       D:10 |    5334 |     389 |   6.8 |      52 |       2 |   3.7
     Lair:1 |    1574 |       0 |   0.0 |       8 |       0 |   0.0
     Lair:2 |    3605 |    1917 |  34.7 |      14 |       5 |  26.3
     Lair:3 |    2569 |     771 |  23.1 |      12 |       6 |  33.3
     Lair:4 |    5133 |    1919 |  27.2 |      17 |       5 |  22.7
     Lair:5 |    3582 |      92 |   2.5 |      15 |       4 |  21.1
     Lair:6 |    6469 |    1478 |  18.6 |      20 |       2 |   9.1
      Sewer |       0 |     119 | 100.0 |       0 |       6 | 100.0
            +---------+---------+-------+---------+---------+-------
